| TOP OF THE 1ST |
|
Santa Domingo Colonials batting - Pitching for Santa Ana Cafes : RHP Kenneth Shea
|
|
Pitching: RHP Kenneth Shea
|
|
|
Batting: SHB Curt Bryan
|
0-0: Swinging Strike 0-1: Called Strike 0-2: Ball 1-2: Ball 2-2: Foul Ball, location: 2F 2-2: Strikes out swinging
|
|
Batting: SHB Bip Roberts
|
0-0: Ball 1-0: Ground out 4-3 (Groundball, 4, EV 98.8 MPH)
|
|
Batting: LHB Mike Stenhouse
|
0-0: Fly out, F8 (Flyball, 8LS, EV 85.0 MPH)
|
| Top of the 1st over - 0 runs, 0 hits, 0 errors, 0 left on base; Santa Domingo 0 - Santa Ana 0 |
| BOTTOM OF THE 1ST |
|
Santa Ana Cafes batting - Pitching for Santa Domingo Colonials : LHP Omar Aguilar
|
|
Pitching: LHP Omar Aguilar
|
|
|
Batting: RHB Edwin Rodriguez
|
0-0: Ball 1-0: Ground out 4-3 (Groundball, 4, EV 102.5 MPH)
|
|
Batting: RHB Mark Wasinger
|
0-0: Swinging Strike 0-1: Swinging Strike 0-2: Ball 1-2: Strikes out swinging
|
|
Batting: RHB Glenn Davis
|
0-0: Called Strike 0-1: Foul Ball, location: 2F 0-2: Fly out, F9 (Flyball, 9D, EV 105.6 MPH)
|
| Bottom of the 1st over - 0 runs, 0 hits, 0 errors, 0 left on base; Santa Domingo 0 - Santa Ana 0 |
| TOP OF THE 2ND |
|
Santa Domingo Colonials batting - Pitching for Santa Ana Cafes : RHP Kenneth Shea
|
|
Batting: RHB John Rabb
|
0-0: Ball 1-0: Ball 2-0: Foul Ball, location: 2F 2-1: Ball 3-1: Swinging Strike 3-2: Foul Ball, location: 2F 3-2: Fly out, F5 (Line Drive, 5, EV 71.3 MPH)
|
|
Batting: LHB Marvell Wynne
|
0-0: Called Strike 0-1: Called Strike 0-2: Foul Ball, location: 2F 0-2: Ground out 4-3 (Groundball, 4, EV 83.8 MPH)
|
|
Batting: RHB Ryne Sandberg
|
0-0: Ball 1-0: Ball 2-0: Foul Ball, location: 2F 2-1: Ground out U3 (Groundball, 3L, EV 106.9 MPH)
|
| Top of the 2nd over - 0 runs, 0 hits, 0 errors, 0 left on base; Santa Domingo 0 - Santa Ana 0 |
| BOTTOM OF THE 2ND |
|
Santa Ana Cafes batting - Pitching for Santa Domingo Colonials : LHP Omar Aguilar
|
|
Batting: RHB Barry Siebert
|
0-0: Ball 1-0: Foul Ball, location: 2F 1-1: Foul Ball, location: 2F 1-2: Foul Ball, location: 2F 1-2: Foul Ball, location: 2F 1-2: Foul Ball, location: 2F 1-2: Ball 2-2: SINGLE (Line Drive, 5L, EV 103.1 MPH)
|
|
Batting: LHB Andre David
|
0-0: Ball 1-0: Ball 2-0: Grounds into double play, 5-4-3 (Groundball, 56, EV 103.1 MPH)
|
|
Batting: RHB Martinho Varandas
|
0-0: Ground out 6-3 (Groundball, 6, EV 89.4 MPH)
|
| Bottom of the 2nd over - 0 runs, 1 hit, 0 errors, 0 left on base; Santa Domingo 0 - Santa Ana 0 |
| TOP OF THE 3RD |
|
Santa Domingo Colonials batting - Pitching for Santa Ana Cafes : RHP Kenneth Shea
|
|
Batting: RHB Ken Gerhart
|
0-0: Swinging Strike 0-1: Called Strike 0-2: Strikes out looking
|
|
Batting: SHB Eddie Tanner
|
0-0: Ball 1-0: Ball 2-0: Called Strike 2-1: Swinging Strike 2-2: Foul Ball, location: 2F 2-2: Ball 3-2: Foul Ball, location: 2F 3-2: Base on Balls
|
|
Batting: RHB Mike Rubel
|
0-0: Called Strike 0-1: Ball 1-1: Ball 2-1: Ball 3-1: Called Strike 3-2: Fly out, F7 (Flyball, 78M, EV 66.3 MPH)
|
|
Batting: SHB Curt Bryan
|
0-0: Called Strike 0-1: Ground out 4-3 (Groundball, 4, EV 101.9 MPH)
|
| Top of the 3rd over - 0 runs, 0 hits, 0 errors, 1 left on base; Santa Domingo 0 - Santa Ana 0 |
| BOTTOM OF THE 3RD |
|
Santa Ana Cafes batting - Pitching for Santa Domingo Colonials : LHP Omar Aguilar
|
|
Batting: RHB Kevin Buckley
|
0-0: Ball 1-0: Ball 2-0: Ground out 5-3 (Groundball, 56, EV 91.3 MPH)
|
|
Batting: SHB Esteban Mendez
|
0-0: Called Strike 0-1: Called Strike 0-2: Foul Ball, location: 2F 0-2: Ball 1-2: Foul Ball, location: 2F 1-2: Foul Ball, location: 2F 1-2: Ball 2-2: Ball 3-2: SINGLE (Line Drive, 7S, EV 101.9 MPH)
|
|
Batting: RHB Luis A Rivera
|
0-0: Ball 1-0: Foul Ball, location: 2F 1-1: Fly out, F5 (Line Drive, 5, EV 74.4 MPH)
|
|
Batting: RHB Edwin Rodriguez
|
0-0: Called Strike 0-1: Called Strike 0-2: Strikes out looking
|
| Bottom of the 3rd over - 0 runs, 1 hit, 0 errors, 1 left on base; Santa Domingo 0 - Santa Ana 0 |
| TOP OF THE 4TH |
|
Santa Domingo Colonials batting - Pitching for Santa Ana Cafes : RHP Kenneth Shea
|
|
Batting: SHB Bip Roberts
|
0-0: Ball 1-0: Ball 2-0: Ball 3-0: Base on Balls
|
|
Batting: LHB Mike Stenhouse
|
0-0: Ball 1-0: Swinging Strike 1-1: Foul Ball, location: 2F 1-2: Foul Ball, location: 2F 1-2: Ball 2-2: Ball 3-2: DOUBLE (Line Drive, 78M, EV 89.4 MPH) Bip Roberts to third Runner from 3rd tries for Home, SAFE, throw by LF to home
|
|
Batting: RHB John Rabb
|
0-0: Called Strike 0-1: Ball 1-1: DOUBLE (Flyball, 8RXD, EV 103.8 MPH) Mike Stenhouse scores
|
|
Batting: LHB Marvell Wynne
|
0-0: Ball 1-0: Ball 2-0: Called Strike 2-1: Ball Wild Pitch! John Rabb to third 3-1: Called Strike 3-2: SINGLE (Line Drive, 78S, EV 90.6 MPH) John Rabb scores
|
|
Batting: RHB Ryne Sandberg
|
0-0: Ball 1-0: Called Strike 1-1: SINGLE (Groundball, 4MD, EV 101.9 MPH) Marvell Wynne to second Runner from 2nd tries for 3rd, SAFE, no throw by CF
|
|
Batting: RHB Ken Gerhart
|
0-0: Ball 1-0: Called Strike 1-1: Ball 2-1: Foul Ball, location: 2F 2-2: Ball 3-2: Foul Ball, location: 2F 3-2: DOUBLE (Flyball, 89D, EV 113.8 MPH) Marvell Wynne scores Ryne Sandberg to third Runner from 3rd tries for Home, SAFE, no throw by RF
|
|
Pitching: RHP Rich Monteleone
|
|
|
Batting: SHB Eddie Tanner
|
0-0: Ball 1-0: Ball 2-0: Called Strike 2-1: Called Strike 2-2: Foul Ball, location: 2F 2-2: Ball 3-2: Base on Balls
|
|
Batting: RHB Mike Rubel
|
0-0: Ball 1-0: Grounds out, U3 (Groundball, 3L, EV 93.1 MPH) Ken Gerhart to third
|
|
Batting: SHB Curt Bryan
|
0-0: Ball 1-0: Called Strike 1-1: Ball 2-1: Swinging Strike 2-2: Ball 3-2: Strikes out swinging
|
|
Batting: SHB Bip Roberts
|
0-0: Ball 1-0: Called Strike 1-1: Ground out 4-3 (Groundball, 4M, EV 103.8 MPH)
|
| Top of the 4th over - 5 runs, 5 hits, 0 errors, 2 left on base; Santa Domingo 5 - Santa Ana 0 |
| BOTTOM OF THE 4TH |
|
Santa Ana Cafes batting - Pitching for Santa Domingo Colonials : LHP Omar Aguilar
|
|
Batting: RHB Mark Wasinger
|
0-0: Called Strike 0-1: Ball 1-1: Ball 2-1: Swinging Strike 2-2: Ball 3-2: Strikes out swinging
|
|
Batting: RHB Glenn Davis
|
0-0: Called Strike 0-1: Foul Ball, location: 2F 0-2: Ground out U3 (Groundball, 34S, EV 83.1 MPH)
|
|
Batting: RHB Barry Siebert
|
0-0: Called Strike 0-1: Called Strike 0-2: Ball 1-2: Ground out 6-3 (Groundball, 6, EV 96.3 MPH)
|
| Bottom of the 4th over - 0 runs, 0 hits, 0 errors, 0 left on base; Santa Domingo 5 - Santa Ana 0 |
| TOP OF THE 5TH |
|
Santa Domingo Colonials batting - Pitching for Santa Ana Cafes : RHP Rich Monteleone
|
|
Batting: LHB Mike Stenhouse
|
0-0: Called Strike 0-1: Ball 1-1: Foul Ball, location: 2F 1-2: Foul Ball, location: 2F 1-2: Ball 2-2: SINGLE (Groundball, 23, EV 62.5 MPH) (infield hit)
|
|
Batting: RHB John Rabb
|
0-0: Ball 1-0: Swinging Strike 1-1: Ball 2-1: Ball 3-1: Fielders Choice at 2nd, 3-6 (Groundball, 34, EV 91.3 MPH)
|
|
Batting: LHB Marvell Wynne
|
0-0: Ball 1-0: Ball 2-0: Ball 3-0: Base on Balls John Rabb to second
|
|
Batting: RHB Ryne Sandberg
|
0-0: Called Strike 0-1: Ball 1-1: Foul Ball, location: 2F 1-2: Ball 2-2: Foul Ball, location: 2F 2-2: Ball 3-2: Foul Ball, location: 2F 3-2: Foul Ball, location: 2F 3-2: Fielders Choice at 2nd, 3-6 (Groundball, 34, EV 100.6 MPH) John Rabb to third
|
|
Batting: RHB Ken Gerhart
|
0-0: Called Strike 0-1: Ball 1-1: Ball 2-1: Fly out, F7 (Flyball, 78D, EV 94.4 MPH)
|
| Top of the 5th over - 0 runs, 1 hit, 0 errors, 2 left on base; Santa Domingo 5 - Santa Ana 0 |
| BOTTOM OF THE 5TH |
|
Santa Ana Cafes batting - Pitching for Santa Domingo Colonials : LHP Omar Aguilar
|
|
Batting: LHB Andre David
|
0-0: Called Strike 0-1: Ball 1-1: Foul Ball, location: 2F 1-2: Foul Ball, location: 2F 1-2: Fly out, F7 (Flyball, 78XD, EV 98.8 MPH)
|
|
Batting: RHB Martinho Varandas
|
0-0: Called Strike 0-1: Called Strike 0-2: Foul Ball, location: 2F 0-2: Ball 1-2: Ball 2-2: Strikes out swinging
|
|
Batting: RHB Kevin Buckley
|
0-0: Swinging Strike 0-1: Swinging Strike 0-2: Ball 1-2: Ground out U3 (Groundball, 34, EV 108.1 MPH)
|
| Bottom of the 5th over - 0 runs, 0 hits, 0 errors, 0 left on base; Santa Domingo 5 - Santa Ana 0 |
| TOP OF THE 6TH |
|
Santa Domingo Colonials batting - Pitching for Santa Ana Cafes : RHP Rich Monteleone
|
|
Batting: SHB Eddie Tanner
|
0-0: Ball 1-0: Ball 2-0: DOUBLE (Flyball, 78D, EV 107.5 MPH)
|
|
Batting: RHB Mike Rubel
|
0-0: Ball 1-0: Ball 2-0: Called Strike 2-1: Ball 3-1: Foul Ball, location: 2F 3-2: Strikes out swinging
|
|
Batting: SHB Curt Bryan
|
0-0: Called Strike 0-1: Fly out, F9 (Flyball, 9S, EV 91.3 MPH)
|
|
Batting: SHB Bip Roberts
|
0-0: Swinging Strike 0-1: Ball 1-1: Ball 2-1: Foul Ball, location: 2F 2-2: Ball 3-2: Base on Balls
|
|
Pitching: LHP Bob Patterson
|
|
|
Batting: LHB Mike Stenhouse
|
0-0: Called Strike 0-1: Ball 1-1: Foul Ball, location: 2F 1-2: Ball 2-2: DOUBLE (Flyball, 8RXD, EV 95.6 MPH) Eddie Tanner scores Bip Roberts to third Runner from 3rd tries for Home, SAFE, no throw by CF
|
|
Batting: RHB John Rabb
|
0-0: Ball 1-0: Foul Ball, location: 2F 1-1: SINGLE (Groundball, 6MS, EV 77.5 MPH) (infield hit) Mike Stenhouse to third
|
|
Batting: LHB Marvell Wynne
|
0-0: Ball 1-0: Ball 2-0: Ball 3-0: Called Strike 3-1: Ground out 1-3 (Groundball, 13S, EV 67.5 MPH)
|
| Top of the 6th over - 2 runs, 3 hits, 0 errors, 2 left on base; Santa Domingo 7 - Santa Ana 0 |
| BOTTOM OF THE 6TH |
|
Santa Ana Cafes batting - Pitching for Santa Domingo Colonials : LHP Omar Aguilar
|
|
Batting: SHB Esteban Mendez
|
0-0: Called Strike 0-1: Foul Ball, location: 2F 0-2: Ground out 6-3 (Groundball, 6, EV 85.6 MPH)
|
|
Batting: RHB Luis A Rivera
|
0-0: Called Strike 0-1: Foul Ball, location: 2F 0-2: Strikes out swinging
|
|
Batting: RHB Edwin Rodriguez
|
0-0: Fly out, F3 (Line Drive, 3, EV 73.8 MPH)
|
| Bottom of the 6th over - 0 runs, 0 hits, 0 errors, 0 left on base; Santa Domingo 7 - Santa Ana 0 |
| TOP OF THE 7TH |
|
Santa Domingo Colonials batting - Pitching for Santa Ana Cafes : LHP Bob Patterson
|
|
Batting: RHB Ryne Sandberg
|
0-0: Ball 1-0: Ball 2-0: Called Strike 2-1: Called Strike 2-2: Foul Ball, location: 2F 2-2: SINGLE (Groundball, 5S, EV 68.1 MPH) (infield hit)
|
|
Batting: RHB Ken Gerhart
|
0-0: Ball 1-0: Foul Ball, location: 2F 1-1: Fielders Choice at 2nd, 5-4 (Groundball, 5S, EV 81.3 MPH)
|
|
Batting: SHB Eddie Tanner
|
0-0: Called Strike 0-1: Ball 1-1: Grounds into double play, 6-4-3 (Groundball, 6, EV 96.3 MPH)
|
| Top of the 7th over - 0 runs, 1 hit, 0 errors, 0 left on base; Santa Domingo 7 - Santa Ana 0 |
| BOTTOM OF THE 7TH |
|
Santa Ana Cafes batting - Pitching for Santa Domingo Colonials : LHP Omar Aguilar
|
|
Now at 3B: Vinny Jaramillo
|
|
|
Batting: RHB Mark Wasinger
|
0-0: Ball 1-0: Ball 2-0: Called Strike 2-1: Ground out 4-3 (Groundball, 34, EV 106.9 MPH)
|
|
Batting: RHB Glenn Davis
|
0-0: Ball 1-0: Swinging Strike 1-1: Called Strike 1-2: Foul Ball, location: 2F 1-2: Ground out U3 (Groundball, 34, EV 108.1 MPH)
|
|
Batting: RHB Barry Siebert
|
0-0: Called Strike 0-1: Ball 1-1: Ball 2-1: Ball 3-1: Base on Balls
|
|
Batting: LHB Andre David
|
0-0: Ball 1-0: Ball 2-0: Foul Ball, location: 2F 2-1: Ball 3-1: SINGLE (Groundball, 34S, EV 66.3 MPH) (infield hit) Barry Siebert to second
|
|
Batting: RHB Martinho Varandas
|
0-0: Called Strike 0-1: Ground out U3 (Groundball, 34, EV 101.3 MPH)
|
| Bottom of the 7th over - 0 runs, 1 hit, 0 errors, 2 left on base; Santa Domingo 7 - Santa Ana 0 |
| TOP OF THE 8TH |
|
Santa Domingo Colonials batting - Pitching for Santa Ana Cafes : LHP Bob Patterson
|
|
Batting: RHB Mike Rubel
|
0-0: Ball 1-0: Ball 2-0: Ball 3-0: Base on Balls
|
|
Batting: SHB Curt Bryan
|
0-0: Swinging Strike 0-1: Foul Ball, location: 2F 0-2: Foul Ball, location: 2F 0-2: Strikes out looking
|
|
Batting: SHB Bip Roberts
|
0-0: Ball 1-0: Ball 2-0: Called Strike 2-1: Ball 3-1: Fly out, F7 (Flyball, 78S, EV 83.1 MPH)
|
|
Batting: LHB Mike Stenhouse
|
0-0: Foul Ball, location: 2F 0-1: Foul Ball, location: 2F 0-2: Foul Ball, location: 2F 0-2: Ball 1-2: Foul Ball, location: 2F 1-2: Ball 2-2: Foul Ball, location: 2F 2-2: Ball 3-2: Foul Ball, location: 2F 3-2: Fly out, F1 (Popup, P, EV 89.4 MPH)
|
| Top of the 8th over - 0 runs, 0 hits, 0 errors, 1 left on base; Santa Domingo 7 - Santa Ana 0 |
| BOTTOM OF THE 8TH |
|
Santa Ana Cafes batting - Pitching for Santa Domingo Colonials : LHP Omar Aguilar
|
|
Now in RF: Ramon Estepa
|
|
|
Batting: RHB Kevin Buckley
|
0-0: Ball 1-0: Ball 2-0: Ball 3-0: Base on Balls
|
|
Batting: SHB Esteban Mendez
|
0-0: Called Strike 0-1: Ball 1-1: Ball 2-1: Ball 3-1: Foul Ball, location: 2F 3-2: DOUBLE (Flyball, 89XD, EV 91.3 MPH) Kevin Buckley to third
|
|
Pitching: RHP Tim Reynolds
|
|
|
Batting: RHB Luis A Rivera
|
0-0: Called Strike 0-1: Ball 1-1: Ball 2-1: Foul Ball, location: 2F 2-2: Strikes out swinging
|
|
Batting: RHB Edwin Rodriguez
|
0-0: Ground out 4-3 (Groundball, 4, EV 76.9 MPH) Kevin Buckley scores Esteban Mendez to third
|
|
Batting: RHB Mark Wasinger
|
0-0: Ball 1-0: Ground out 6-3 (Groundball, 6MS, EV 82.5 MPH)
|
| Bottom of the 8th over - 1 run, 1 hit, 0 errors, 1 left on base; Santa Domingo 7 - Santa Ana 1 |
| TOP OF THE 9TH |
|
Santa Domingo Colonials batting - Pitching for Santa Ana Cafes : LHP Bob Patterson
|
|
Batting: RHB John Rabb
|
0-0: Ball 1-0: Called Strike 1-1: Ball 2-1: Ball 3-1: Base on Balls
|
|
Pitching: RHP Luis Leal
|
|
|
Batting: LHB Marvell Wynne
|
0-0: Ball 1-0: Foul Ball, location: 2F 1-1: Grounds into double play, 4-6-3 (Groundball, 4S, EV 79.4 MPH)
|
|
Batting: RHB Ryne Sandberg
|
0-0: Ball 1-0: Ball 2-0: Called Strike 2-1: Foul Ball, location: 2F 2-2: Ball 3-2: Foul Ball, location: 2F 3-2: Foul Ball, location: 2F 3-2: Base on Balls
|
|
Batting: RHB Ken Gerhart
|
0-0: Called Strike 0-1: Ball 1-1: Swinging Strike 1-2: Ball 2-2: Fielders Choice at 2nd, 6-4 (Groundball, 6, EV 91.9 MPH)
|
| Top of the 9th over - 0 runs, 0 hits, 0 errors, 1 left on base; Santa Domingo 7 - Santa Ana 1 |
| BOTTOM OF THE 9TH |
|
Santa Ana Cafes batting - Pitching for Santa Domingo Colonials : RHP Tim Reynolds
|
|
Batting: RHB Glenn Davis
|
0-0: Ball 1-0: Ball 2-0: Called Strike 2-1: Ball 3-1: Foul Ball, location: 2F 3-2: Base on Balls
|
|
Batting: RHB Barry Siebert
|
0-0: Ball 1-0: Called Strike 1-1: Ball 2-1: Ball 3-1: Called Strike 3-2: Foul Ball, location: 2F 3-2: SINGLE (Line Drive, 78M, EV 95.6 MPH) Glenn Davis to second
|
|
Batting: LHB Andre David
|
0-0: Foul Ball, location: 2F 0-1: Ball 1-1: Ball 2-1: Ball 3-1: Base on Balls Glenn Davis to third Barry Siebert to second
|
|
Pitching: LHP Rick Adair
|
|
|
Batting: RHB Martinho Varandas
|
0-0: Called Strike 0-1: Called Strike 0-2: Foul Ball, location: 2F 0-2: Foul Ball, location: 2F 0-2: Ball 1-2: SINGLE (Line Drive, 9S, EV 98.1 MPH) Glenn Davis scores Barry Siebert to third Andre David to second
|
|
Batting: RHB Kevin Buckley
|
0-0: Ball 1-0: Grounds into double play, 6-4-3 (Groundball, 6, EV 79.4 MPH) Barry Siebert scores Andre David to third
|
|
Batting: SHB Esteban Mendez
|
0-0: Ball 1-0: Ball 2-0: Foul Ball, location: 2F 2-1: Ground out 4-3 (Groundball, 34, EV 108.1 MPH)
|
| Bottom of the 9th over - 2 runs, 2 hits, 0 errors, 1 left on base; Santa Domingo 7 - Santa Ana 3 |
|